 Dungeon Crawl Stone Soup version 0.28-a0-1510-gd0f6b136d3 (webtiles) character file.

Game seed: 5999356594560210771

14 psuckher the Insei (level 2, -2/22 HPs)
             Began as a Djinni Transmuter on Jan 14, 2022.
             Slain by Natasha (8 damage)
             ... on level 2 of the Dungeon.
             The game lasted 00:07:28 (1348 turns).

psuckher the Insei (Djinni Transmuter)              Turns: 1348, Time: 00:07:29

Health: -2/22      AC:  2    Str:  9    XL:     2   Next: 55%
Gold:   8          EV: 12    Int: 14    God:
                   SH:  0    Dex: 13

rFire   + + .      SeeInvis .     - Unarmed
rCold   x . .      Faith    .   (no shield)
rNeg    . . .      Spirit   .   a - +0 robe
rPois   ∞          Reflect  .   (no helmet)
rElec   .          Harm     .   (no cloak)
rCorr   .          Rampage  .   (no gloves)
Will    .....                   (boots unavailable)
Stlth   +.........              (no amulet)
HPRegen 0.07/turn               (no ring)
MPRegen 0.00/turn               (no ring)

@: flying
A: sickness immunity, fire resistance 2, cold vulnerability 1, float, innate
caster, hp casting, extra vitality 1
a: no special abilities


You were on level 2 of the Dungeon.
You visited 1 branch of the dungeon, and saw 2 of its levels.

You collected 8 gold pieces.

Inventory:

Missiles
 d - 18 stones
Armour
 a - a +0 robe (worn)
 f - a +0 scale mail
Jewellery
 g - a ring of see invisible
Scrolls
 e - a scroll of blinking {unknown}
Potions
 b - a potion of haste {unknown}
 c - a potion of mutation {unknown}


   Skills:
 - Level 1.0 Fighting
 * Level 2.6 Dodging
 + Level 3.4 Unarmed Combat
 * Level 1.6 Spellcasting


You couldn't memorise any spells.
You knew the following spells:

 Your Spells              Type           Power      Damage    Failure   Level
a - Beastly Appendage     Tmut           10%        N/A       12%         1
b - Wereblood             Tmut           5%         N/A       19%         2
c - Spider Form           Tmut/Pois      5%         N/A       36%         3
d - Ice Form              Ice/Tmut       5%         N/A       77%         4
Your spell library was empty.

Dungeon Overview and Level Annotations

Branches:
Dungeon (2/15)

Altars:

Annotations:
D:2 Natasha


Innate Abilities, Weirdness & Mutations

You are immune to sickness and miasma.
You are immune to poison.
Your flesh is very heat resistant. (rF++)
You are vulnerable to cold. (rC-)
You float through the air rather than walking.
You learn spells naturally, not from books.
Your magical power is your life essence.
You have superior vitality. (+4 MHP)


Message History

There is a stone staircase leading down here.
You see here 24 arrows.
You see here 24 arrows.
There is a stone staircase leading down here.
You reach down and open the large door.
There is a large open door here.
There is a large open door here.
There is an open door here.
There is an open door here.
There is a stone staircase leading down here.
There are no items here.
You fly downwards.
There is a stone staircase leading up here.
A goblin comes into view. It is wielding a +0 dagger.
Found 5 gold pieces.
The goblin shouts!
Natasha hisses angrily.
Natasha claws you but does no damage.
You hit Natasha.
Natasha is moderately wounded.
Natasha claws you.
You barely miss Natasha.
Natasha is moderately wounded.
The goblin closely misses you.
Natasha stares at you and mumbles some strange words.
The magic dart hits you!
You hit Natasha.
Natasha is moderately wounded.
The goblin hits you but does no damage. Natasha closely misses you.
You hit Natasha.
Natasha is heavily wounded.
The goblin hits you with a +0 dagger.
* * * LOW HITPOINT WARNING * * *
Natasha stares at you and mumbles some strange words.
You resist with significant effort.
You barely miss Natasha.
Natasha is heavily wounded.
You barely miss Natasha. Your punch misses Natasha.
Natasha is heavily wounded.
Natasha claws you!
You die...

##########
........
#..g###
#h@<..#
#...####.#
....# #
$.. .


You could see Natasha and a goblin.

Vanquished Creatures
  A dart slug (D:1)
  3 bats (D:1)
  A hobgoblin (D:1)
  4 jackals (D:1)
  2 kobolds (D:1)
11 creatures vanquished.

Notes
Turn   | Place    | Note
-------+----------+-------------------------------------------
     0 | D:1      | psuckher the Djinni Transmuter began the quest for the Orb.
     0 | D:1      | Reached XP level 1. HP: 17/17 MP: 0/0
   396 | D:1      | Reached XP level 2. HP: 22/22 MP: 0/0
  1341 | D:2      | Noticed Natasha
  1348 | D:2      | Slain by Natasha

Illustrated notes

Levels and vault maps discovered:
D:1:      dpeg_arrival_stone_temple_mockup, layout_basic
D:2:      layout_basic, hellmonk_ecumenical_altar_pennies_from_heaven,
          serial_shops, nicolae_diamond_shop, minmay_lizard_king, uniq_natasha

Action                   || total
-------------------------++-------
Melee: Unarmed           ||    72
       Punch             ||     2
Armor: Robe              ||    33
Dodge: Dodged            ||    79

Table legend: (Time is in decaauts)
 A = Elapsed time spent in this place.
 B = Non-inter-level travel time spent in this place.
 C = Inter-level travel time spent in this place.
 D = Time resting spent in this place.
 E = Time spent auto-exploring this place.
 F = Levels seen in this place.
 G = Mean time per level.
                   A        B        C        D        E       F      G
               +--------+--------+--------+--------+--------+-----+--------+
         Total |   1343 |   1333 |     10 |      0 |    633 |   2 |  671.5 |
       Dungeon |   1343 |   1333 |     10 |      0 |    633 |   2 |  671.5 |
               +--------+--------+--------+--------+--------+-----+--------+

Top non-repeatable levels by time:
     D:1: 1337 daAuts
     D:2: 6 daAuts
